 Dungeon Crawl Stone Soup version 0.32-a0-673-g3729bd50f8 (webtiles) character file.

Game seed: 11814741805911614814

1064 Sabo the Cudgeller (level 8, 0/57 HPs)
             Began as a Coglin Artificer on Mar 10, 2024.
             Was an Initiate of Gozag.
             Slain by a two-headed ogre
             ... wielding a +0 dire flail
              (14 damage)
             ... on level 6 of the Dungeon.
             The game lasted 00:27:36 (4902 turns).

Sabo the Cudgeller (Coglin Artificer)               Turns: 4902, Time: 00:27:45

Health: 0/57       AC: 11    Str: 15    XL:     8   Next: 27%
Magic:  8/8        EV:  7    Int: 11    God:    Gozag
Gold:   329        SH:  0    Dex: 14    Spells: 7/7 levels left

rFire   . . .        r - +0 long sword (elec) {Yashnoor}
rCold   . . .        h - +4 mace (distort) {Pancho}
rNeg    . . .        w - +0 chain mail
rPois   .            (no helmet)
rElec   .            k - +0 cloak
rCorr   .            g - +0 pair of gloves
SInv    .            (no boots)
Will    .....        (amulet unavailable) Stlth
                     (ring unavailable)
HPRegen 0.29/turn    (ring unavailable)
MPRegen 0.11/turn    (no gizmo)

%: no passive effects
@: revved
A: off-hand wielding, slow wielding, warmup strikes, no jewellery
a: Invent Gizmo, Renounce Religion, Potion Petition, Call Merchant, Bribe Branch


You were on level 6 of the Dungeon.
You worshipped Gozag.
Gozag was aware of your devotion.
You visited 2 branches of the dungeon, and saw 7 of its levels.

You collected 350 gold pieces.
You paid 21 gold pieces to Gozag.

Inventory:

Hand Weapons
 h - a +4 mace of distortion (offhand) {Pancho}
 r - a +0 long sword of electrocution (weapon) {Yashnoor}
 u - a +0 war axe
Missiles
 b - 4 atropa-tipped darts (quivered)
 s - 4 javelins
 C - 6 boomerangs
Armour
 g - a +0 pair of gloves (worn)
 k - a +0 cloak (worn)
 t - an orb of energy
 w - a +0 chain mail (worn)
Wands
 c - a wand of flame (43)
 d - a wand of charming (15)
 e - a wand of iceblast (2)
Scrolls
 l - 4 scrolls of teleportation
 p - 2 scrolls of poison
 q - a scroll of silence
 x - a scroll of fear {unknown}
 y - a scroll of brand weapon {unknown}
 z - a scroll of immolation {unknown}
 A - a scroll of revelation
 E - a scroll of fog {unknown}
Potions
 a - 2 potions of berserk rage {unknown}
 f - a potion of mutation {unknown}
 i - 3 potions of brilliance {unknown}
 j - a potion of heal wounds {unknown}
 m - a potion of degeneration {unknown}
 n - 2 potions of invisibility {unknown}
 o - a potion of haste {unknown}
 v - a potion of magic {unknown}
 B - a potion of enlightenment {unknown}
 D - 2 potions of lignification {unknown}


   Skills:
 + Level 2.9 Fighting
 + Level 0.9(2.2) Short Blades
 + Level 3.6(3.7) Long Blades
 + Level 4.9 Maces & Flails
 + Level 1.0 Polearms
 + Level 0.2 Throwing
 + Level 3.5 Armour
 + Level 1.7 Dodging
 + Level 2.7 Stealth
 + Level 4.8 Evocations


You had 7 spell levels left.
You didn't know any spells.
Your spell library contained the following spells:

 Spells                   Type           Power      Damage    Failure   Level
 Mercury Vapours          Alch/Air       0%         N/A       100%        2
 Static Discharge         Conj/Air       0%         3-3/arc   100%        2
 Mephitic Cloud           Conj/Alch/Air  0%         N/A       100%        3
 Airstrike                Air            0%         2d(0-16)  100%        4
 Summon Lightning Spire   Summ/Air       0%         N/A       100%        4
 Freezing Cloud           Conj/Ice/Air   0%         6-21      100%        5


Dungeon Overview and Level Annotations

Branches:
Dungeon (6/15)             Temple (1/1) D:4

Altars:
Ashenzari
Cheibriados
Dithmenos
Elyvilon
Fedhas
Gozag
Hepliaklqana
Kikubaaqudgha
Makhleb
Nemelex Xobeh
Okawaru
Qazlal
Ru
Sif Muna
Trog
Uskayaw
Vehumet
Wu Jian
Xom
Yredelemnul
Zin
The Shining One


Innate Abilities, Weirdness & Mutations

You can wield a second weapon in your off-hand.
It takes a long time for you to wield or remove held weapons.
Your first few attacks do less damage.
You cannot equip rings or amulets.


Message History

You kill the scorpion!
You start resting.
HP restored.
You now have 329 gold pieces (gained 7).
x - a scroll labelled QIW XANEIKI
There is a stone staircase leading down here.
Found a scroll of teleportation.
A two-headed ogre comes into view.
It is wielding a +0 dire flail and a +0 giant spiked club.
The two-headed ogre shouts in stereo!
You hit the two-headed ogre with your +4 mace of distortion.
Space warps horribly around the two-headed ogre!
The two-headed ogre is moderately wounded.
You hit the two-headed ogre but do no damage.
The two-headed ogre hits you with a +0 dire flail!!
The two-headed ogre hits you but does no damage.
You sock the two-headed ogre with your +4 mace of distortion!
Space warps around the two-headed ogre.
The two-headed ogre is heavily wounded.
You hit the two-headed ogre but do no damage.
The two-headed ogre barely misses you.
The two-headed ogre hits you with a +0 giant spiked club!!
* * * LOW HITPOINT WARNING * * *
You hit the two-headed ogre with your +4 mace of distortion.
The two-headed ogre is severely wounded.
You hit the two-headed ogre but do no damage.
The two-headed ogre blinks!
Throw: 5 darts (atropa)
Press: ? - help, Q - select action, (/) - cycle Shift-Dir - straight line, f - two-headed ogre
Aim: a two-headed ogre, wielding a +0 dire flail and a +0 giant spiked club (severely wounded, 72% to hit, chance to blind on hit: 3%)
You throw an atropa-tipped dart.
The atropa-tipped dart hits the two-headed ogre.
The two-headed ogre resists.
The two-headed ogre is severely wounded.
You hit the two-headed ogre with your +4 mace of distortion.
Space warps around the two-headed ogre.
The two-headed ogre is severely wounded.
You slash the two-headed ogre with your +0 long sword of electrocution!
The two-headed ogre hits you with a +0 dire flail!
You die...
Your body crumbles into a pile of gold.

#.# #.##.....#
#.# #........#
#.# ####..>..#
#.# #.....#
+####
#.######.#.###
....
#........#.#
..#
##########.#
#(.# #.#
##O..###. #.#
#@ยง.....# #.#
##....##.#
#.####.....#
#.......##.....
######### #####


You could see a two-headed ogre.

Vanquished Creatures
  An ogre (D:6)
  A phantom (D:6)
  Blork the orc (D:4)
  4 scorpions
  5 hounds
  2 bombardier beetles (D:5)
  An orc priest (D:4)
  A sleepcap (D:6)
  4 iguanas
  2 orc wizards
  6 adders
  A dart slug (D:2)
  8 orcs
  4 endoplasms
  3 giant cockroaches
  10 goblins
  4 hobgoblins
  8 kobolds
  2 quokkas
  4 ball pythons
  9 bats
  4 rats
85 creatures vanquished.

Notes
Turn   | Place    | Note
-------+----------+-------------------------------------------
     0 | D:1      | Sabo the Coglin Artificer began the quest for the Orb.
     0 | D:1      | Reached XP level 1. HP: 15/15 MP: 1/1
   128 | D:1      | Reached skill level 1 in Stealth
   423 | D:1      | Reached skill level 1 in Dodging
   423 | D:1      | Reached XP level 2. HP: 20/21 MP: 2/2
  1329 | D:2      | Reached XP level 3. HP: 26/26 MP: 3/3
  1442 | D:2      | Found a hazy altar of Hepliaklqana.
  1969 | D:3      | Noticed a scorpion
  1988 | D:3      | HP: 1/26 [scorpion (2)]
  1990 | D:3      | Banished a scorpion
  1991 | D:3      | Reached skill level 1 in Maces & Flails
  1991 | D:3      | Reached XP level 4. HP: 12/32 MP: 4/4
  2108 | D:3      | Reached XP level 5. HP: 37/37 MP: 5/5
  2468 | D:4      | Reached skill level 1 in Long Blades
  2468 | D:4      | Reached skill level 1 in Polearms
  2570 | D:4      | Found a staircase to the Ecumenical Temple.
  2586 | Temple   | Entered the Ecumenical Temple
  2653 | Temple   | Became a worshipper of Gozag Ym Sagoz the Greedy
  2681 | D:4      | Reached XP level 6. HP: 40/44 MP: 6/6
  2931 | D:4      | Noticed Blork the orc
  2937 | D:4      | Killed Blork the orc
  3480 | D:4      | Reached XP level 7. HP: 36/50 MP: 7/7
  3773 | D:5      | Entered Level 5 of the Dungeon
  4108 | D:5      | Found a glowing golden altar of the Shining One.
  4111 | D:5      | Found an ornate altar of the Wu Jian Council.
  4115 | D:5      | Found a hide-covered altar of Uskayaw.
  4117 | D:5      | Found a stormy altar of Qazlal.
  4117 | D:5      | Found a white marble altar of Elyvilon.
  4118 | D:5      | Found a sparkling altar of Nemelex Xobeh.
  4119 | D:5      | Found a glowing silver altar of Zin.
  4120 | D:5      | Found a shadowy altar of Dithmenos.
  4121 | D:5      | Found a broken altar of Ashenzari.
  4122 | D:5      | Found a radiant altar of Vehumet.
  4455 | D:6      | Reached XP level 8. HP: 57/57 MP: 8/8
  4895 | D:6      | Noticed a two-headed ogre
  4902 | D:6      | Slain by a two-headed ogre

Illustrated notes

Levels and vault maps discovered:
D:1:      sevenhm_arrival_forest_fort_small_6, layout_basic, roderic_lattice_a,
          minmay_misc_feat_ornament, minmay_misc_feat_secret_circle
D:2:      layout_rooms, basic_altar, kennysheep_flooded_box
D:3:      layout_rooms
D:4:      layout_gridville, minmay_temple_entry_tees, serial_glass,
          glass_columns_a, glass_columns_a, uniq_blork_the_orc
D:5:      layout_rooms, minitemple
D:6:      layout_loops_corners, minmay_door_square
Temple:   hellmonk_temple_two_chambers

Skill      XL: |  1  2  3  4  5  6  7 |
---------------+----------------------+-----
Stealth        | 1 2 |  2.7
Dodging        | 1 |  1.7
Armour         | 2 3 |  3.5
Maces & Flails | 1 2 3 4 |  4.9
Fighting       | 2 |  2.9
Long Blades    | 1 3 |  3.6
Polearms       | 1 |  1.0
Short Blades   | |  0.9
Throwing       | |  0.2
Evocations     | |  4.8

Action                     |  1- 3 |  4- 6 |  7- 9 || total
---------------------------+-------+-------+-------++-------
  Melee: Mace              |    49 |    50 |    36 ||   135
         Short sword       |    13 |       |       ||    13
         Club              |     2 |       |       ||     2
         Trident           |     8 |       |       ||     8
         Long sword        |    16 |    47 |    36 ||    99
  Throw: Dart              |       |     1 |     5 ||     6
  Evoke: Wand              |       |     5 |     1 ||     6
    Use: Scroll            |     4 |     2 |     3 ||     9
         Potion            |     1 |       |     1 ||     2
   Stab: Sleeping          |     3 |       |       ||     3
         Invisible         |       |     1 |       ||     1
 Armour: Leather armour    |    45 |    15 |       ||    60
         Chain mail        |       |    44 |    45 ||    89
  Dodge: Dodged            |    33 |    24 |    17 ||    74

Table legend: (Time is in decaauts)
 A = Elapsed time spent in this place.
 B = Non-inter-level travel time spent in this place.
 C = Inter-level travel time spent in this place.
 D = Time resting spent in this place.
 E = Time spent auto-exploring this place.
 F = Levels seen in this place.
 G = Mean time per level.
                   A        B        C        D        E       F      G
               +--------+--------+--------+--------+--------+-----+--------+
         Total |   4943 |   4943 |      0 |    772 |      0 |   7 |  706.1 |
       Dungeon |   4871 |   4871 |      0 |    772 |      0 |   6 |  811.8 |
        Temple |     72 |     72 |      0 |      0 |      0 |   1 |   72.0 |
               +--------+--------+--------+--------+--------+-----+--------+

Top non-repeatable levels by time:
     D:4: 1255 daAuts
     D:1: 1099 daAuts
     D:2: 697 daAuts
     D:3: 682 daAuts
     D:6: 577 daAuts
     D:5: 558 daAuts
  Temple: 72 daAuts
